AoeStats
← bullseyes

African Clearing

505843788Analyzed
4v4 RM · 22d ago on Sep 11, 2026· 42m 10s· 8 players
Game mode
Random Map
Map size
Large (8 player)
Population
200
Speed
Normal
Resources
Standard
Victory
Conquest
Starting age
Dark Age
Ending age
Imperial Age
RankedLock teamsTeams togetherTeam positionsShared explorationLock speedFull tech treeHidden civsTurbo modeCheats
Victory
Defeat
🇨🇳 Burmese · China
1657
+11
🇻🇳 Bengalis · Vietnam
1571
+15
🇨🇳 Cumans · China
1565
+15
🇨🇳 Slavs · China
1560
+15
🇧🇪 Teutons · Belgium
1612
-16
🇷🇺 Maya · Russia
1590
-16
🇷🇺 Malians · Russia
1514
-13
🇧🇪 Spanish · Belgium
1473
-11
Đà Lạt
14:12 Feudal Age
15:50 Loom
18:48 Castle Age
16:34 Double-Bit Axe
16:50 Horse Collar
17:00 Fishing Lines
19:55 Bow Saw
21:44 Fletching
23:36 Padded Archer Armor
24:52 Bodkin Arrow
29:33 Gillnets
31:50 Ballistics
35:38 Leather Archer Armor
36:16 Wheelbarrow
39:14 Imperial Age
38:30 Forging
39:01 Bloodlines
38:51 Husbandry
40:09 Iron Casting
39:55 Hand Cart
40:53 Bracer
40:42 Elite Battle Elephant
41:29 Scale Barding Armor
43:15 Blast Furnace
42:45 Conscription
43:02 Chain Barding Armor
昙花生
7:01 Loom
13:45 Feudal Age
23:18 Fletching
26:35 Wheelbarrow
25:46 Town Watch
30:29 Castle Age
29:28 Scale Barding Armor
29:16 Horse Collar
29:32 Double-Bit Axe
30:21 Bloodlines
31:17 Forging
31:16 Capped Ram
32:51 Bow Saw
33:05 Chain Barding Armor
啦啦啦啦啦啦
11:39 Loom
14:12 Feudal Age
15:22 Double-Bit Axe
18:21 Castle Age
17:22 Horse Collar
17:33 Gold Mining
17:59 Scale Barding Armor
19:37 Bow Saw
19:29 Heavy Plow
24:51 Forging
27:10 Wheelbarrow
26:21 Town Watch
31:19 Hand Cart
31:54 Town Watch
32:33 Detinets
33:10 Gold Shaft Mining
32:29 Stone Mining
33:47 Ballistics
38:05 Imperial Age
36:33 Iron Casting
36:38 Bloodlines
36:29 Husbandry
37:08 Chain Barding Armor
38:13 Elite Boyar
39:30 Plate Barding Armor
39:57 Blast Furnace
38:23 Capped Ram
39:21 Heavy Scorpion
42:09 Chemistry
40:44 Siege Ram
十大地方
9:51 Loom
12:23 Feudal Age
18:41 Fletching
31:18 Castle Age
30:57 Gold Mining
32:10 Bodkin Arrow
32:57 Crossbowman
37:11 Ballistics
37:20 Horse Collar
37:53 Padded Archer Armor
38:42 Wheelbarrow
39:29 Town Watch
43:30 Imperial Age
Budd1st
11:46 Loom
13:32 Feudal Age
17:48 Castle Age
15:36 Double-Bit Axe
19:05 Bow Saw
20:30 Wheelbarrow
19:49 Fletching
21:01 Horse Collar
24:35 Bodkin Arrow
28:30 Padded Archer Armor
29:33 Ballistics
32:35 Heavy Plow
34:17 Leather Archer Armor
40:19 Imperial Age
39:15 Hand Cart
39:12 Gold Mining
39:13 Stone Mining
41:04 Stone Shaft Mining
41:05 Bracer
42:06 Chemistry
42:06 Ring Archer Armor
bullseyes
9:13 Loom
12:01 Feudal Age
13:34 Fletching
22:23 Town Watch
25:54 Double-Bit Axe
31:26 Wheelbarrow
30:44 Gold Mining
34:50 Castle Age
34:40 Scale Barding Armor
36:25 Guard Tower
38:20 Horse Collar
39:44 Squires
40:53 Pikeman
belgawizard
5:37 Loom
14:24 Feudal Age
15:15 Town Watch
15:36 Fletching
19:31 Double-Bit Axe
24:28 Wheelbarrow
29:25 Castle Age
27:47 Horse Collar
28:05 Gold Mining
28:11 Stone Mining
29:26 Scale Barding Armor
30:27 Bow Saw
30:53 Bloodlines
38:00 Hand Cart
41:57 Husbandry
Legate
12:33 Feudal Age
11:20 Loom
16:16 Castle Age
14:31 Double-Bit Axe
15:45 Gold Mining
17:34 Bow Saw
17:27 Scale Mail Armor
19:25 Horse Collar
21:27 Squires
22:10 Arson
23:32 Chain Mail Armor
27:01 Wheelbarrow
27:34 Town Watch
29:38 Forging
29:55 Hand Cart
31:34 Iron Casting
33:49 Stone Mining
36:33 Imperial Age
33:56 Stone Mining
34:49 Fervor
34:47 Treadmill Crane
35:45 Gold Shaft Mining
35:46 Stone Shaft Mining
36:08 Stone Shaft Mining
35:54 Fletching
36:23 Scale Barding Armor
36:40 Bodkin Arrow
37:10 Bloodlines
37:01 Husbandry
37:41 Chain Barding Armor
36:43 Heavy Camel Rider
37:59 Plate Mail Armor
38:33 Conscription
39:52 Plate Barding Armor
40:25 Farimba
41:54 Chemistry
41:28 Tigui
Connection lost

Rejoining the realm…

Still unreachable

The connection could not be restored.

Session expired

The server has moved on; the page needs a fresh start.